MID
ATLANTA (MID) BRAVES @ PEORIA CHIEFS
08/16/2044
 
TOP OF THE 1ST
Atlanta (MID) Braves batting - Pitching for Peoria Chiefs : LHP Kai Klindt
Pitching: LHP Kai Klindt
Batting: RHB Andy Cunningham 0-0: Called Strike
0-1: Ball
1-1: Swinging Strike
1-2: Strikes out swinging
Batting: SHB Brandon McClain 0-0: Called Strike
0-1: Ground out 6-3 (Groundball, 6MD, EV 98.1 MPH)
Batting: LHB Bobby Upton 0-0: Called Strike
0-1: Ball
1-1: Called Strike
1-2: Ground out U3 (Groundball, 3, EV 75.6 MPH)
Top of the 1st over - 0 runs, 0 hits, 0 errors, 0 left on base; Atlanta (MID) 0 - Peoria 0
BOTTOM OF THE 1ST
Peoria Chiefs batting - Pitching for Atlanta (MID) Braves : RHP Matt Peck
Pitching: RHP Matt Peck
Batting: LHB Ichiro Toyota 0-0: Ball
1-0: Called Strike
1-1: Foul Ball, location: 2F
1-2: Ball
2-2: Ground out 6-3 (Groundball, 6MD, EV 91.9 MPH)
Batting: LHB Ken Compton 0-0: Ball
1-0: SINGLE (Groundball, 5S, EV 66.3 MPH) (infield hit)
Batting: LHB Jay Fenderson 0-0: Called Strike
0-1: Ball
1-1: Called Strike
Ken Compton steals 2nd base
1-2: Ball
2-2: Fly out, F8 (Flyball, 8LD, EV 101.9 MPH)
Batting: RHB Mark Cahill 0-0: Ball
1-0: Called Strike
1-1: Ball
2-1: Swinging Strike
2-2: Ground out 6-3 (Groundball, 6, EV 106.9 MPH)
Bottom of the 1st over - 0 runs, 1 hit, 0 errors, 1 left on base; Atlanta (MID) 0 - Peoria 0
TOP OF THE 2ND
Atlanta (MID) Braves batting - Pitching for Peoria Chiefs : LHP Kai Klindt
Batting: RHB Corey Dalton 0-0: Swinging Strike
0-1: Foul Ball, location: 2F
0-2: Strikes out swinging
Batting: RHB Mike Shook 0-0: Foul Ball, location: 2F
0-1: SOLO HOME RUN (Flyball, 7D, EV 96.9 MPH), Distance : 370 ft
Batting: RHB Johnny Burroughs 0-0: Called Strike
0-1: Swinging Strike
0-2: Ball
1-2: Strikes out swinging
Batting: LHB Travis Lazaro 0-0: Ball
1-0: Fly out, F8 (Flyball, 8RD, EV 93.8 MPH)
Top of the 2nd over - 1 run, 1 hit, 0 errors, 0 left on base; Atlanta (MID) 1 - Peoria 0
BOTTOM OF THE 2ND
Peoria Chiefs batting - Pitching for Atlanta (MID) Braves : RHP Matt Peck
Batting: SHB Josh Conner 0-0: Foul Ball, location: 2F
0-1: Foul Ball, location: 2F
0-2: Ground out U3 (Groundball, 34, EV 89.4 MPH)
Batting: RHB Josh Martin 0-0: Called Strike
0-1: Foul Ball, location: 2F
0-2: Ball
1-2: Ball
2-2: Foul Ball, location: 2F
2-2: Ground out 3-1 (Groundball, 34, EV 98.8 MPH)
Batting: LHB Billy Guzman 0-0: Fly out, F4 (Popup, 4S, EV 73.1 MPH)
Bottom of the 2nd over - 0 runs, 0 hits, 0 errors, 0 left on base; Atlanta (MID) 1 - Peoria 0
TOP OF THE 3RD
Atlanta (MID) Braves batting - Pitching for Peoria Chiefs : LHP Kai Klindt
Batting: SHB Juan Aguilar 0-0: Ball
1-0: Called Strike
1-1: Ball
2-1: Called Strike
2-2: Ground out 1-3 (Groundball, 34S, EV 61.9 MPH)
Batting: RHB Bobby Light 0-0: Ball
1-0: Foul Ball, location: 2F
1-1: Foul Ball, location: 2F
1-2: Foul Ball, location: 2F
1-2: Strikes out swinging
Batting: RHB Andy Cunningham 0-0: Foul Ball, location: 2F
0-1: Foul Ball, location: 2F
0-2: Ball
1-2: Ground out 5-3 (Groundball, 56S, EV 87.5 MPH)
Top of the 3rd over - 0 runs, 0 hits, 0 errors, 0 left on base; Atlanta (MID) 1 - Peoria 0
BOTTOM OF THE 3RD
Peoria Chiefs batting - Pitching for Atlanta (MID) Braves : RHP Matt Peck
Batting: LHB Adam Eisen 0-0: Ball
1-0: Bunt missed!
1-1: Ball
2-1: Ground out 4-3 (Groundball, 34, EV 106.9 MPH)
Batting: SHB Steve Barnett 0-0: Ball
1-0: Ball
2-0: Ball
3-0: Fly out, F6 (Line Drive, 6, EV 65.6 MPH)
Batting: LHB Ichiro Toyota 0-0: Ball
1-0: Ball
2-0: Ground out 6-3 (Groundball, 6S, EV 85.0 MPH)
Bottom of the 3rd over - 0 runs, 0 hits, 0 errors, 0 left on base; Atlanta (MID) 1 - Peoria 0
TOP OF THE 4TH
Atlanta (MID) Braves batting - Pitching for Peoria Chiefs : LHP Kai Klindt
Batting: SHB Brandon McClain 0-0: Foul Ball, location: 2F
0-1: Swinging Strike
0-2: Ground out 6-3 (Groundball, 6, EV 80.6 MPH)
Batting: LHB Bobby Upton 0-0: Ball
1-0: Foul Ball, location: 2F
1-1: Ball
2-1: Swinging Strike
2-2: Ball
3-2: Foul Ball, location: 2F
3-2: Strikes out swinging
Batting: RHB Corey Dalton 0-0: SOLO HOME RUN (Flyball, 7D, EV 92.5 MPH), Distance : 352 ft
Batting: RHB Mike Shook 0-0: Called Strike
0-1: Ground out 5-3 (Groundball, 25, EV 86.9 MPH)
Top of the 4th over - 1 run, 1 hit, 0 errors, 0 left on base; Atlanta (MID) 2 - Peoria 0
BOTTOM OF THE 4TH
Peoria Chiefs batting - Pitching for Atlanta (MID) Braves : RHP Matt Peck
Batting: LHB Ken Compton 0-0: Foul Ball, location: 2F
0-1: Ground out 6-3 (Groundball, 4MS, EV 79.4 MPH)
Batting: LHB Jay Fenderson 0-0: SINGLE (Groundball, 34D, EV 103.1 MPH)
Batting: RHB Mark Cahill 0-0: Ball
Jay Fenderson is caught stealing 2nd base 2-4
1-0: Foul Ball, location: 2F
1-1: Swinging Strike
1-2: Ball
2-2: Ball
3-2: SOLO HOME RUN (Line Drive, 7LD, EV 96.9 MPH), Distance : 333 ft
Batting: SHB Josh Conner 0-0: Ball
1-0: Fly out, F7 (Flyball, 7S, EV 94.4 MPH)
Bottom of the 4th over - 1 run, 2 hits, 0 errors, 0 left on base; Atlanta (MID) 2 - Peoria 1
TOP OF THE 5TH
Atlanta (MID) Braves batting - Pitching for Peoria Chiefs : LHP Kai Klindt
Batting: RHB Johnny Burroughs 0-0: Called Strike
0-1: Ball
1-1: Foul Ball, location: 2F
1-2: Foul Ball, location: 2F
1-2: Foul Ball, location: 2F
1-2: Foul Ball, location: 2F
1-2: Ground out 6-3 (Groundball, 56, EV 78.1 MPH)
Batting: LHB Travis Lazaro 0-0: Ball
1-0: Swinging Strike
1-1: Called Strike
1-2: Foul Ball, location: 2F
1-2: Ball
2-2: Fly out, F7 (Flyball, 7S, EV 88.8 MPH)
Batting: SHB Juan Aguilar 0-0: Swinging Strike
0-1: Ball
1-1: Swinging Strike
1-2: Reached via error on a dropped throw from 1B, E1 (Groundball, 34, EV 88.1 MPH)
Batting: RHB Bobby Light 0-0: Ball
1-0: Called Strike
1-1: Fly out, F9 (Flyball, 89M, EV 88.8 MPH)
Top of the 5th over - 0 runs, 0 hits, 1 error, 1 left on base; Atlanta (MID) 2 - Peoria 1
BOTTOM OF THE 5TH
Peoria Chiefs batting - Pitching for Atlanta (MID) Braves : RHP Matt Peck
Batting: RHB Josh Martin 0-0: Ball
1-0: Fly out, F9 (Flyball, 9LD, EV 90.0 MPH)
Batting: LHB Billy Guzman 0-0: Called Strike
0-1: Ball
1-1: Foul Ball, location: 2F
1-2: Ball
2-2: Hit by Pitch
Batting: LHB Adam Eisen 0-0: Ball
1-0: Ball
Billy Guzman is caught stealing 2nd base 2-6
2-0: Foul Ball, location: 2F
2-1: Foul Ball, location: 2F
2-2: Ground out 1-3 (Groundball, 13S, EV 64.4 MPH)
Bottom of the 5th over - 0 runs, 0 hits, 0 errors, 0 left on base; Atlanta (MID) 2 - Peoria 1
TOP OF THE 6TH
Atlanta (MID) Braves batting - Pitching for Peoria Chiefs : LHP Kai Klindt
Batting: RHB Andy Cunningham 0-0: Ball
1-0: Foul Ball, location: 2F
1-1: Ball
2-1: Reached on error, E5 (Groundball, 56S, EV 83.1 MPH)
Batting: SHB Brandon McClain 0-0: Ball
1-0: Called Strike
1-1: Ball
2-1: Called Strike
Andy Cunningham steals 2nd base
2-2: Ball
3-2: SINGLE (Groundball, 56, EV 107.5 MPH) (infield hit)
Andy Cunningham to third
Pinch Runner at 1st Richello Badua:
Batting: LHB Bobby Upton 0-0: Ball
1-0: Ball
2-0: Fly out, F8 (Flyball, 8RD, EV 92.5 MPH)
Runner from 3rd tags up, SCORES, throw by CF
Batting: RHB Corey Dalton 0-0: Ball
1-0: Called Strike
Richello Badua is caught stealing 2nd base 2-4
1-1: Ground out 6-3 (Groundball, 6, EV 100.0 MPH)
Top of the 6th over - 1 run, 1 hit, 1 error, 0 left on base; Atlanta (MID) 3 - Peoria 1
BOTTOM OF THE 6TH
Peoria Chiefs batting - Pitching for Atlanta (MID) Braves : RHP Matt Peck
Now at 3B: Travis Lazaro
Now in LF: Richello Badua
Batting: SHB Steve Barnett 0-0: Ball
1-0: Ball
2-0: Called Strike
2-1: Ball
3-1: Called Strike
3-2: Strikes out swinging
Batting: LHB Ichiro Toyota 0-0: Called Strike
0-1: SINGLE (Line Drive, 4D, EV 101.3 MPH)
Batting: LHB Ken Compton 0-0: Ball
1-0: Ball
2-0: Called Strike
Ichiro Toyota steals 2nd base (no throw)
2-1: DOUBLE (Line Drive, 7LM, EV 106.3 MPH)
Ichiro Toyota scores
Batting: LHB Jay Fenderson 0-0: Called Strike
Ken Compton steals 3rd base
0-1: Foul Ball, location: 2F
0-2: SINGLE (Groundball, 3, EV 94.4 MPH)
Ken Compton scores
Batting: RHB Mark Cahill 0-0: Called Strike
Jay Fenderson steals 2nd base
0-1: Ball
1-1: Called Strike
1-2: Strikes out swinging
Batting: SHB Josh Conner 0-0: Ball
1-0: Foul Ball, location: 2F
1-1: Ball
2-1: Foul Ball, location: 2F
2-2: Foul Ball, location: 2F
2-2: Fly out, F6 (Line Drive, 6, EV 63.1 MPH)
Bottom of the 6th over - 2 runs, 3 hits, 0 errors, 1 left on base; Atlanta (MID) 3 - Peoria 3
TOP OF THE 7TH
Atlanta (MID) Braves batting - Pitching for Peoria Chiefs : LHP Kai Klindt
Pitching: LHP Luis Herrera
Batting: RHB Mike Shook 0-0: Ball
1-0: SOLO HOME RUN (Flyball, 78XD, EV 106.9 MPH), Distance : 400 ft
Batting: RHB Johnny Burroughs 0-0: Ball
1-0: SOLO HOME RUN (Flyball, 7LD, EV 96.9 MPH), Distance : 337 ft
Batting: LHB Travis Lazaro 0-0: Called Strike
0-1: Ball
1-1: Fly out, F7 (Flyball, 78M, EV 91.3 MPH)
Batting: SHB Juan Aguilar 0-0: Called Strike
0-1: Foul Ball, location: 2F
0-2: Ball
1-2: Strikes out swinging
Batting: RHB Bobby Light 0-0: Swinging Strike
0-1: Ball
1-1: Called Strike
1-2: Strikes out swinging
Top of the 7th over - 2 runs, 2 hits, 0 errors, 0 left on base; Atlanta (MID) 5 - Peoria 3
BOTTOM OF THE 7TH
Peoria Chiefs batting - Pitching for Atlanta (MID) Braves : RHP Matt Peck
Batting: RHB Josh Martin 0-0: Ball
1-0: Ball
2-0: Ball
3-0: Called Strike
3-1: Base on Balls
Batting: LHB Billy Guzman 0-0: Swinging Strike
0-1: Sac Bunt to 23 - play at first, batter OUT! 3-4
Josh Martin to second
Batting: LHB Adam Eisen 0-0: Ball
Josh Martin is caught stealing 3rd base 2-5
1-0: Called Strike
1-1: Ball
2-1: Reached on error, E6 (Groundball, 6D, EV 106.3 MPH)
Batting: SHB Steve Barnett 0-0: Ball
1-0: Ball
2-0: Ball
3-0: Called Strike
3-1: Base on Balls
Batting: LHB Ichiro Toyota 0-0: Called Strike
0-1: Ball
1-1: SINGLE (Line Drive, 89S, EV 93.1 MPH)
Adam Eisen to third
Steve Barnett to second
Runner from 3rd tries for Home, SAFE, throw by RF to home
Batting: LHB Ken Compton 0-0: Ball
1-0: Ball
2-0: Fly out, F5 (Line Drive, 5, EV 62.5 MPH)
Bottom of the 7th over - 1 run, 1 hit, 1 error, 2 left on base; Atlanta (MID) 5 - Peoria 4
TOP OF THE 8TH
Atlanta (MID) Braves batting - Pitching for Peoria Chiefs : LHP Luis Herrera
Batting: RHB Andy Cunningham 0-0: Ground out 2-3 (Groundball, 2R, EV 70.0 MPH)
Batting: SHB Richello Badua 0-0: Ball
1-0: Ball
2-0: SINGLE (Groundball, 34S, EV 70.6 MPH) (infield hit)
Batting: LHB Bobby Upton 0-0: Ball
Richello Badua is caught stealing 2nd base 2-6
1-0: Ball
2-0: SINGLE (Line Drive, 78S, EV 103.8 MPH)
Batting: RHB Corey Dalton 0-0: Ball
Bobby Upton is caught stealing 2nd base 2-4
Top of the 8th over - 0 runs, 2 hits, 0 errors, 0 left on base; Atlanta (MID) 5 - Peoria 4
BOTTOM OF THE 8TH
Peoria Chiefs batting - Pitching for Atlanta (MID) Braves : RHP Matt Peck
Pitching: RHP Josh Thomas
Batting: LHB Jay Fenderson 0-0: Called Strike
0-1: Ball
1-1: Foul Ball, location: 2F
1-2: Hit by Pitch
Batting: RHB Mark Cahill 0-0: Ball
1-0: SINGLE (Groundball, 5S, EV 74.4 MPH) (infield hit)
Jay Fenderson to second
Batting: SHB Josh Conner 0-0: Called Strike
0-1: Called Strike
0-2: Foul Ball, location: 2F
0-2: Foul Ball, location: 2F
0-2: Ball
1-2: Strikes out looking
Batting: RHB Josh Martin 0-0: Ball
1-0: Bunt missed!
1-1: Bunt missed!
1-2: Hit by Pitch
Jay Fenderson to third
Mark Cahill to second
Batting: LHB Billy Guzman 0-0: Called Strike
0-1: Foul Ball, location: 2F
0-2: Strikes out swinging
Batting: LHB Adam Eisen 0-0: Called Strike
0-1: Swinging Strike
0-2: Fly out, F8 (Flyball, 8RM, EV 89.4 MPH)
Bottom of the 8th over - 0 runs, 1 hit, 0 errors, 3 left on base; Atlanta (MID) 5 - Peoria 4
TOP OF THE 9TH
Atlanta (MID) Braves batting - Pitching for Peoria Chiefs : LHP Luis Herrera
Batting: RHB Corey Dalton 0-0: Ball
1-0: Ground out 5-3 (Groundball, 56, EV 99.4 MPH)
Batting: RHB Mike Shook 0-0: Swinging Strike
0-1: Swinging Strike
0-2: Ball
1-2: Strikes out swinging
Batting: RHB Johnny Burroughs 0-0: Ball
1-0: Called Strike
1-1: Ground out 3-1 (Groundball, 34, EV 86.9 MPH)
Top of the 9th over - 0 runs, 0 hits, 0 errors, 0 left on base; Atlanta (MID) 5 - Peoria 4
BOTTOM OF THE 9TH
Peoria Chiefs batting - Pitching for Atlanta (MID) Braves : RHP Josh Thomas
Pitching: RHP Jeff Heaster
Batting: SHB Steve Barnett 0-0: Ball
1-0: Ball
2-0: Foul Ball, location: 2F
2-1: Ball
3-1: Base on Balls
Batting: LHB Ichiro Toyota 0-0: Ball
1-0: Ball
2-0: Bunted foul
2-1: Ball
3-1: Bunted foul
3-2: Fly out, F8 (Flyball, 8LS, EV 90.0 MPH)
Batting: LHB Ken Compton 0-0: Foul Ball, location: 2F
0-1: Ball
1-1: Grounds into double play, 4-6-3 (Groundball, 4, EV 103.1 MPH)
Bottom of the 9th over - 0 runs, 0 hits, 0 errors, 0 left on base; Atlanta (MID) 5 - Peoria 4
Thursday, March 31st , 2022 - OOTP Baseball 22.12 Build 89